 Dungeon Crawl Stone Soup version 0.29-a0-321-gf1c400731a (webtiles) character file.

Game seed: 13858959814271647093

116 siradein the Caller (level 4, -10/30 HPs)
             Began as a Vampire Summoner on Apr 4, 2022.
             Killed by nerve-wracking pain
             ... invoked by Grinder
              (14 damage)
             ... on level 3 of the Dungeon.
             The game lasted 00:06:17 (2098 turns).

siradein the Caller (Vampire Summoner)              Turns: 2098, Time: 00:06:17

Health: -10/30     AC:  2    Str:  7    XL:     4   Next: 70%
Magic:  3/8        EV: 13    Int: 19    God:
Gold:   226        SH:  0    Dex: 14    Spells: 3/9 levels left

rFire   . . .      SeeInvis +   c - +0 dagger (venom)
rCold   . . .      Faith    .   (no shield)
rNeg    . . .      Spirit   .   a - +0 robe
rPois   .          Reflect  .   (no helmet)
rElec   .          Harm     .   (no cloak)
rCorr   .          Rampage  .   (no gloves)
Will    .....                   (no boots)
Stlth   ++........              (no amulet)
HPRegen 0.30/turn               (no ring)
MPRegen 0.11/turn               (no ring)

@: healing quickly
A: alive, fangs 3, see invisible, vampiric 2
a: Exsanguinate


You were on level 3 of the Dungeon.
You visited 1 branch of the dungeon, and saw 3 of its levels.

You collected 226 gold pieces.

Inventory:

Hand Weapons
 c - a +0 dagger of venom (weapon)
Armour
 a - a +0 robe (worn)
Scrolls
 d - 2 scrolls of amnesia
 e - 4 scrolls of teleportation {unknown}
 g - a scroll of vulnerability {unknown}
 h - a scroll of brand weapon {unknown}
 i - a scroll of fog {unknown}
 k - a scroll of immolation {unknown}
 l - 3 scrolls of enchant armour
 n - a scroll of torment {unknown}
Potions
 b - a potion of magic
 f - 2 potions of curing
 j - a potion of flight {unknown}
 m - a potion of cancellation {unknown}


   Skills:
 + Level 3.6 Dodging
 - Level 3.0 Stealth
 + Level 3.1 Spellcasting
 + Level 4.8 Summonings


You had 3 spell levels left.
You knew the following spells:

 Your Spells              Type           Power      Damage    Failure   Level
a - Summon Small Mammal   Summ           84%        N/A       1%          1
b - Call Imp              Summ           21%        N/A       3%          2
c - Call Canine Familiar  Summ           21%        N/A       6%          3

Your spell library contained the following spells:

 Spells                   Type           Power      Damage    Failure   Level
 Beastly Appendage        Tmut           4%         N/A       16%         1
 Summon Guardian Golem    Hex/Summ       12%        N/A       17%         3
 Wereblood                Tmut           2%         N/A       22%         2
 Spider Form              Tmut/Pois      2%         N/A       41%         3
 Tukima's Dance           Hex            2%         N/A       41%         3
 Summon Lightning Spire   Summ/Air       12%        N/A       50%         4
 Passage of Golubria      Tloc           2%         N/A       83%         4
 Yara's Violent Unravell  Hex/Tmut       1%         3d3       99%         5


Dungeon Overview and Level Annotations

Branches:
Dungeon (3/15)

Altars:
Sif Muna

Annotations:
D:3 Grinder


Innate Abilities, Weirdness & Mutations

Your natural rate of healing is accelerated.
You have razor-sharp teeth.
You have supernaturally acute eyesight. (SInv)
You are afflicted with vampirism and can become a bat while bloodless.


Message History

You swap places.
Found a stone staircase leading down.
There is a stone staircase leading down here.
Your crimson imp disappears in a puff of smoke!
You open the door.
Found a shimmering blue altar of Sif Muna.
There is a shaft here.
Grinder shouts!
Grinder is nearby!
A beastly little devil appears in a puff of flame.
Casting: Call Imp (safe; 3% risk of failure)
Confirm with . or Enter, or press ? or * to list all spells.
Your crimson imp barely misses Grinder.
You completely miss Grinder.
Grinder says, "My boss said I was rubbish.
His entrails said otherwise."
Grinder hits you!
You writhe in agony.
Your hound closely misses Grinder.
Your crimson imp blinks!
Unknown command.
You hit Grinder.
Grinder is lightly wounded.
Your hound closely misses Grinder.
Grinder hits you.
You writhe in agony.
Your hound misses Grinder. You closely miss Grinder.
Grinder is lightly wounded.
Grinder hits you.
You writhe in agony.
Your hound barely misses Grinder.
You hit Grinder.
Grinder is lightly wounded.
Your hound bites Grinder.
Grinder hits you!
* * * LOW HITPOINT WARNING * * *
You writhe in agony.
* * * LOW HITPOINT WARNING * * *
Your hound bites Grinder but does no damage.
Grinder attacks as you move away! Grinder barely misses you.
Your hound bites Grinder.
You hit Grinder.
Grinder is poisoned.
Grinder is moderately wounded.
Your hound bites Grinder.
Grinder gestures at you. Pain shoots through your body!
You die...

##.#.###.#######.##.###.##
#.....##.#...............######
#..#..##.#..####..>............
#.....)............##.#..#####.
#......###.####....##.#..# #.
#...#...#....).....##.#..# #.
###.#...#........#.##....# #.
#.#...#######.##.##...## #.
#.#.^.#.>#..@5.5.<....######.
#.#...##.#.##h##.............
##.#...##.(....#####..########
#..#...##.#.#### #..# #.##...#.
#.# ###.(##### #..#...# #.#
#.......... ####...# #.#
#.5#.###### #...# #.# #..#.#
##'#####.### #..#.#


You could see Grinder (very poisoned, ally target), a friendly hound (summoned)
and a friendly crimson imp (summoned).

Vanquished Creatures
  Jessica (D:2)
  2 adders
  5 worms
  An orc (D:3)
  5 bats
  3 endoplasms
  3 giant cockroaches
  4 goblins
  3 hobgoblins
  A jackal (D:3)
  3 ball pythons
  A frilled lizard (D:2)
  6 kobolds
  2 rats
40 creatures vanquished.

Vanquished Creatures (collateral kills)
  A worm (D:3)
  A bat (D:2)
  An endoplasm (D:1)
  A goblin (D:1)
  2 hobgoblins
  3 jackals (D:3)
  A kobold (D:1)
  A frilled lizard (D:1)
11 creatures vanquished.

Grand Total: 51 creatures vanquished

Notes
Turn   | Place    | Note
-------+----------+-------------------------------------------
     0 | D:1      | siradein the Vampire Summoner began the quest for the Orb.
     0 | D:1      | Reached XP level 1. HP: 13/13 MP: 3/3
   307 | D:1      | Found a faded altar of an unknown god.
   313 | D:1      | Reached XP level 2. HP: 19/19 MP: 3/5
   322 | D:1      | Learned a level 2 spell: Call Imp
   852 | D:2      | Gained mutation: You are afflicted with vampirism and can
                  | become a bat while bloodless. [Vampire growth]
   852 | D:2      | Reached XP level 3. HP: 20/24 MP: 4/6
   908 | D:1      | Learned a level 3 spell: Call Canine Familiar
  1124 | D:2      | Noticed Jessica
  1142 | D:2      | Killed Jessica
  1143 | D:2      | Reached XP level 4. HP: 5/30 MP: 4/8
  1758 | D:3      | Noticed Grinder
  2070 | D:3      | Found a shimmering blue altar of Sif Muna.
  2098 | D:3      | Killed from afar by Grinder

Illustrated notes

Levels and vault maps discovered:
D:1:      eino_arrival_druids_welcome, layout_loops_ring,
          hellmonk_ecumenical_altar_zigzags
D:2:      layout_rooms, uniq_jessica
D:3:      minmay_skewed_foursquare, layout_loops_ring, lemuel_blue_sif_altar,
          kennysheep_potato, uniq_grinder

Skill      XL: |  1  2  3  4 |
---------------+-------------+-----
Dodging        | 3 |  3.6
Spellcasting   | 3 |  3.1
Stealth        | |  3.0
Summonings     | |  4.8

Action                   |  1- 3 |  4- 6 || total
-------------------------+-------+-------++-------
Melee: Dagger            |    84 |    53 ||   137
       Unarmed           |     6 |       ||     6
       Bite              |     7 |    10 ||    17
       Punch             |     1 |       ||     1
 Cast: Summon Small Mamm |    12 |       ||    12
       Call Imp          |     5 |     9 ||    14
       Call Canine Famil |       |     1 ||     1
  Use: Scroll            |       |     3 ||     3
 Stab: Distracted        |     1 |       ||     1
       Sleeping          |       |     3 ||     3
Armor: Robe              |    19 |     5 ||    24
Dodge: Dodged            |    63 |    23 ||    86

Table legend: (Time is in decaauts)
 A = Elapsed time spent in this place.
 B = Non-inter-level travel time spent in this place.
 C = Inter-level travel time spent in this place.
 D = Time resting spent in this place.
 E = Time spent auto-exploring this place.
 F = Levels seen in this place.
 G = Mean time per level.
                   A        B        C        D        E       F      G
               +--------+--------+--------+--------+--------+-----+--------+
         Total |   2099 |   2065 |     34 |     70 |   1493 |   3 |  699.7 |
       Dungeon |   2099 |   2065 |     34 |     70 |   1493 |   3 |  699.7 |
               +--------+--------+--------+--------+--------+-----+--------+

Top non-repeatable levels by time:
     D:1: 873 daAuts
     D:3: 635 daAuts
     D:2: 590 daAuts
